 Dungeon Crawl Stone Soup version 0.27.0-1-g7a089689b8 (webtiles) character file.

Game seed: 11621643200451337486

987 mainiacjoe the Martial Artist (level 8, -3/44 HPs)
             Began as a Vine Stalker Monk on Aug 12, 2021.
             Succumbed to Duvessa's poison
             ... on level 5 of the Dungeon.
             The game lasted 00:08:02 (4453 turns).

mainiacjoe the Martial Artist (Vine Stalker Monk)   Turns: 4453, Time: 00:08:02

Health: -3/44      AC:  5    Str: 16    XL:     8   Next: 18%
Magic:  8/9        EV: 11    Int: 10    God:
Gold:   173        SH:  0    Dex: 17    Spells: 7/7 levels left

rFire    . . .     SeeInvis .     - Unarmed
rCold    . . .     Faith    .   (no shield)
rNeg     . . .     Spirit   +   e - +0 ring mail
rPois    .         Reflect  .   (no helmet)
rElec    .         Harm     .   (no cloak)
rCorr    .         Rampage  .   (no gloves)
Will     +....                  (no boots)
Stlth    ++........             (no amulet)
HPRegen  1.14/turn              (no ring)
MPRegen  0.11/turn              (no ring)

@: lethally poisoned (-3 -> -14)
A: fangs 3, regeneration 1, magic shield, antimagic bite, no potion heal 2
a: no special abilities


You were on level 5 of the Dungeon.
You visited 1 branch of the dungeon, and saw 5 of its levels.

You collected 173 gold pieces.

Inventory:

Hand Weapons
 b - a +0 hunting sling
Missiles
 h - 34 arrows
 j - 108 stones (quivered)
 k - 31 poisoned darts
 n - 22 sling bullets
 o - 7 curare-tipped darts {=F}
 p - 2 boomerangs
 r - 25 bolts
Armour
 a - a +0 robe
 e - a +0 ring mail (worn)
 g - a +0 chain mail
Jewellery
 f - a ring of magical power
Wands
 m - a wand of acid (9)
Scrolls
 l - 2 scrolls of immolation {unknown}
Potions
 c - 2 potions of berserk rage
 d - 2 potions of lignification
 i - a potion of magic
 q - a potion of heal wounds {unknown}
 s - a potion of cancellation {unknown}
 t - a potion of curing


   Skills:
 + Level 5.5 Fighting
 - Level 2.4 Dodging
 - Level 2.4 Stealth
 * Level 8.1 Unarmed Combat


You had 7 spell levels left.
You didn't know any spells.
Your spell library was empty.

Dungeon Overview and Level Annotations

Branches:
Dungeon (5/15)
 Temple: D:4-7

Altars:
Cheibriados

Annotations:
D:5 Duvessa


Innate Abilities, Weirdness & Mutations

You have razor-sharp teeth.
Your natural rate of healing is unusually fast.
When hurt, damage is shared between your health and your magic reserves.
Your bite disrupts and absorbs the magic of your enemies.
Potions cannot restore your health.


Message History

The stone hits Duvessa but does no damage.
Things that are here:
a +0 giant spiked club; a hound corpse; an ogre corpse
b - a +0 hunting sling (weapon)
You shoot a stone. The stone hits Duvessa.
Duvessa is lightly wounded.
You shoot a stone. The stone hits Duvessa.
Duvessa is lightly wounded.
You are now empty-handed.
You hit Duvessa.
Duvessa is moderately wounded.
Duvessa hits you with a +4 rapier of venom.
You are poisoned.
You hit Duvessa but do no damage.
Duvessa is moderately wounded.
You feel very sick.
Duvessa hits you with a +4 rapier of venom!
You are more poisoned.
You barely miss Duvessa. You bite Duvessa. You drain her power.
You feel invigorated.
Duvessa is heavily wounded.
You feel very sick.
Duvessa hits you with a +4 rapier of venom!
You are lethally poisoned!
You are too injured to fight recklessly!
You are too injured to fight recklessly!
You are too injured to fight recklessly!
You hit Duvessa but do no damage. Your bite misses Duvessa.
Duvessa is heavily wounded.
* * * LOW HITPOINT WARNING * * *
You feel extremely sick. Duvessa barely misses you.
You punch Duvessa! You bite Duvessa. You drain her power.
You feel invigorated.
Duvessa is severely wounded.
* * * LOW HITPOINT WARNING * * *
You feel very sick. Duvessa barely misses you.
* * * LOW HITPOINT WARNING * * *
You feel very sick.
You die...

#......# . .#......#
##.#......# ##.#......#
##........# ..#.......#
..#.......#
..+.......###############
..#...##.#.(..e.@.....)<#
(........#.##############
.........#.# .........#.#
.........#.# .........#.#
..##.....#.# #####+#..#.#
...#


You could see Duvessa.

Vanquished Creatures
  2 ogres
  A necrophage (D:4)
  A phantom (D:4)
  A water moccasin skeleton (D:4)
  4 wights (D:5)
  2 centaur zombies (D:5)
  2 orc priests (D:3)
  A centaur skeleton (D:4)
  3 hounds
  An orc wizard (D:4)
  A hound skeleton (D:4)
  6 adders
  4 worms
  8 orcs
  4 endoplasms
  4 giant cockroaches
  10 goblins
  8 hobgoblins
  27 jackals
  4 quokkas
  2 ball pythons
  5 bats
  5 frilled lizards
  A jackal skeleton (D:4)
  7 kobolds
  6 rats
120 creatures vanquished.

Notes
Turn   | Place    | Note
-------+----------+-------------------------------------------
     0 | D:1      | mainiacjoe the Vine Stalker Monk began the quest for the
                  | Orb.
     0 | D:1      | Reached XP level 1. HP: 11/11 MP: 2/2
   451 | D:1      | Reached XP level 2. HP: 16/16 MP: 3/3
   704 | D:1      | Reached XP level 3. HP: 19/20 MP: 4/4
  1040 | D:1      | Reached skill level 4 in Unarmed Combat
  1290 | D:1      | Found a faded altar of an unknown god.
  1822 | D:2      | Gained mutation: Your natural rate of healing is unusually
                  | fast. [Vine Stalker growth]
  1822 | D:2      | Reached XP level 4. HP: 24/24 MP: 5/5
  2742 | D:3      | Reached XP level 5. HP: 25/28 MP: 4/6
  2941 | D:3      | Reached skill level 5 in Unarmed Combat
  3333 | D:4      | Noticed an ogre
  3339 | D:3      | Killed an ogre
  3340 | D:3      | Reached XP level 6. HP: 27/33 MP: 4/7
  3472 | D:4      | Noticed a necrophage
  3484 | D:3      | Reached skill level 6 in Unarmed Combat
  3802 | D:4      | Reached XP level 7. HP: 34/38 MP: 8/8
  3872 | D:4      | Reached skill level 7 in Unarmed Combat
  4216 | D:4      | Found a snail-covered altar of Cheibriados.
  4265 | D:5      | Entered Level 5 of the Dungeon
  4279 | D:5      | Reached skill level 5 in Fighting
  4318 | D:5      | Gained mutation: You have razor-sharp teeth. [Vine Stalker
                  | growth]
  4318 | D:5      | Reached XP level 8. HP: 33/43 MP: 5/9
  4376 | D:5      | Reached skill level 8 in Unarmed Combat
  4417 | D:5      | Noticed Duvessa
  4452 | D:5      | HP: 1/44 [poisoned by Duvessa]
  4453 | D:5      | Succumbed to Duvessa's poison

Illustrated notes

Levels and vault maps discovered:
D:1:      dpeg_arrival_long_road, layout_basic,
          shapermc_ecumenical_altar_mp_vishouse
D:2:      layout_loops_corners
D:3:      layout_rooms
D:4:      layout_rooms, overflow_temple_1_default, nrook_campfire,
          chequers_serial_rivers_large_a
D:5:      layout_basic, kennysheep_little_box, uniq_duvessa, uniq_ijyb

Skill      XL: |  1  2  3  4  5  6  7  8 |
---------------+-------------------------+-----
Fighting       | 3 4 5 |  5.5
Unarmed Combat | 4 5 6 7 8 |  8.1
Dodging        | |  2.4
Stealth        | |  2.4

Action                   |  1- 3 |  4- 6 |  7- 9 || total
-------------------------+-------+-------+-------++-------
Melee: Unarmed           |   141 |   227 |    76 ||   444
       Bite              |    42 |    56 |    30 ||   128
       Punch             |       |    11 |     3 ||    14
 Fire: Hunting sling     |       |       |    13 ||    13
Throw: Stone             |       |   106 |    13 ||   119
  Use: Scroll            |       |     5 |       ||     5
 Stab: Sleeping          |     1 |       |       ||     1
Armor: Robe              |     3 |       |       ||     3
       Ring mail         |    37 |   104 |    31 ||   172
Dodge: Dodged            |    79 |   164 |    48 ||   291
